 Dungeon Crawl Stone Soup version 0.21.1-1-g345015fe64 (webtiles) character file.

982 Gargoyl the Chopper (level 7, -2/62 (64) HPs)
             Began as a Centaur Abyssal Knight on June 1, 2018.
             Was a Believer of Lugonu.
             Slain by a centaur zombie (5 damage)
             ... on level 5 of the Dungeon.
             The game lasted 00:06:28 (4397 turns).

Gargoyl the Chopper (Centaur Abyssal Knight)        Turns: 4397, Time: 00:06:29

HP:   -2/62 (64)    AC:  8    Str: 15    XL:     7   Next: 96%
MP:   19/19         EV:  6    Int: 11    God:    Lugonu [**....]
Gold: 195           SH:  0    Dex: 10    Spells: 6/6 levels left

rFire    . . .     SeeInvis .   l - +2 battleaxe (elec)
rCold    . . .     Gourm    .   (shield currently unavailable)
rNeg     . . .     Faith    .   g - +0 chain mail
rPois    .         Spirit   .   (no helmet)
rElec    .         Reflect  .   (no cloak)
rCorr    .         Harm     .   (no gloves)
MR       .....     Clarity  +   (no barding)
Stlth    ..........             (no amulet)
HPRegen  0.20/turn              d - ring of magical power
MPRegen  0.16/turn              (no ring)

@: very quick
A: large, hooves 3, clarity, deformed body, speed 2, robust 1, tough skin 3,
sturdy frame 1
a: Depart the Abyss, Bend Space, Renounce Religion


You were on level 5 of the Dungeon.
You worshipped Lugonu.
Lugonu was pleased with you.
You were not hungry.

You visited 1 branch of the dungeon, and saw 5 of its levels.
You visited the Abyss 1 time.

You collected 195 gold pieces.

Inventory:

Hand Weapons
 a - a +1 hand axe
 l - a +2 battleaxe of electrocution (weapon)
Armour
 e - a +0 buckler
 g - a +0 chain mail (worn)
Jewellery
 d - a ring of magical power (left hand)
 p - a cursed amulet of inaccuracy {unknown}
Scrolls
 f - 2 scrolls of identify
 j - 3 scrolls of teleportation
Potions
 b - 2 potions of lignification {unknown}
 h - a potion of heal wounds {unknown}
 i - a potion of berserk rage {unknown}
 k - 2 potions of agility {unknown}
 n - a potion of haste {unknown}
 o - a potion of cancellation
Comestibles
 c - 10 rations


   Skills:
 + Level 4.2 Fighting
 + Level 5.0 Axes
 * Level 4.5 Armour
 + Level 0.8 Dodging
 * Level 4.5 Invocations


You had 6 spell levels left.
You didn't know any spells.

Dungeon Overview and Level Annotations

Branches:
Dungeon (5/15)             Temple (0/1) D:5

Altars:
Ashenzari
Nemelex Xobeh


Innate Abilities, Weirdness & Mutations

You have hooves in place of feet.
Armour fits poorly on your strangely shaped body.
You cover ground very quickly.
You have extremely tough skin. (AC +3)
You possess an exceptional clarity of mind.
You are robust. (+10% HP)
Your movements are slightly less encumbered by armour. (ER -2)


Message History

You kill the howler monkey!
Lugonu accepts your kill.
Your Axes skill increases to level 5!
A centaur zombie comes into view.
Items here: ( )) ? [[ †† Butcher an orc corpse? [(y)es/(c)hoosy/(n)o/(a)ll/(e)dible/(q)uit/?]
You butcher the orc corpse.
You butcher the howler monkey corpse.
Items here: %% ( )) ? [[ ÷ Your chain mail prevents you from hitting the centaur zombie.
You kick the centaur zombie, but do no damage.
The centaur zombie hits you.
* * * LOW HITPOINT WARNING * * *
The centaur zombie hits you.
* * * LOW HITPOINT WARNING * * *
Okay, then.
Space bends around you!
You blink.
It was a potion of magic.
Magic courses through your body. The centaur zombie hits you.
You die...

§§...#..§#§§§§§##
#§§§##.§.#§§§§§##
##.###...##§§§###
######...########
#####'''#########
#...# #..# #..###
##..#
##.()####...###
###).....Z@..#
#..(.....#.....#
.........##........
####.....###.......
#.....# .####..
#.....# .# .
#...... .# .......
##


You could see a centaur zombie.

Vanquished Creatures
  The ghost of Tali the Chopper, an amateur MiFi (D:4)
  Menkaure (D:4)
  A necrophage (D:2)
  An ogre (D:4)
  The ghost of tensugalgo the Slasher, a weakling DrSk (D:3)
  A howler monkey (D:5)
  2 orc wizards
  A centaur skeleton (D:4)
  An orc priest (D:5)
  2 hounds (D:4)
  Terence (D:2)
  An iguana (D:4)
  7 adders
  An ooze (D:3)
  2 worms (D:2)
  4 dart slugs
  15 orcs
  6 giant cockroaches
  7 hobgoblins
  7 jackals
  2 bats
  5 frilled lizards
  9 goblins
  A jackal skeleton (D:4)
  9 kobolds
  10 rats
99 creatures vanquished.

Vanquished Creatures (others)
  5 toadstools (D:1)
5 creatures vanquished.

Grand Total: 104 creatures vanquished

Notes
Turn   | Place    | Note
-------+----------+-------------------------------------------
     0 | Abyss:1  | Gargoyl the Centaur Abyssal Knight began the quest for the Orb.
     0 | Abyss:1  | Reached XP level 1. HP: 19/19 MP: 2/2
    83 | Abyss:1  | Noticed a ynoxinul
    85 | D:1      | Escaped the Abyss
   196 | D:1      | Reached * piety under Lugonu
   204 | D:1      | Reached XP level 2. HP: 16/26 MP: 3/3
   967 | D:1      | You fall through a shaft!
   981 | D:2      | Reached skill level 2 in Axes
   981 | D:2      | Reached XP level 3. HP: 31/31 MP: 4/4
   995 | D:2      | Noticed Terence
  1010 | D:2      | Gained mutation: You occasionally shout uncontrollably at your foes. [potion of mutation]
  1010 | D:2      | Gained mutation: Your system is resistant to poisons. (rPois) [potion of mutation]
  1038 | D:2      | Killed Terence
  1170 | D:2      | Reached XP level 4. HP: 31/38 MP: 5/5
  1437 | D:2      | Lost mutation: You occasionally shout uncontrollably at your foes. [potion of mutation]
  1437 | D:2      | Lost mutation: Your system is resistant to poisons. (rPois) [potion of mutation]
  1437 | D:2      | Gained mutation: You possess an exceptional clarity of mind. [potion of mutation]
  1437 | D:2      | Gained mutation: You are robust. (+10% HP) [potion of mutation]
  1437 | D:2      | Gained mutation: Your movements are slightly less encumbered by armour. (ER -2) [potion of mutation]
  1555 | D:2      | Noticed a necrophage
  1570 | D:2      | Killed a necrophage
  1570 | D:2      | Reached skill level 3 in Axes
  1570 | D:2      | Reached XP level 5. HP: 35/48 MP: 7/7
  1595 | D:2      | Reached ** piety under Lugonu
  2390 | D:3      | Noticed tensugalgo's ghost (weakling DrSk)
  2402 | D:3      | Killed tensugalgo's ghost
  2402 | D:3      | Reached XP level 6. HP: 28/55 MP: 8/8
  3113 | D:4      | Noticed Menkaure
  3115 | D:4      | Killed Menkaure
  3142 | D:4      | Noticed Tali's ghost (amateur MiFi)
  3158 | D:4      | Killed Tali's ghost
  3158 | D:4      | Reached skill level 4 in Axes
  3158 | D:4      | Reached XP level 7. HP: 34/62 MP: 9/9
  3487 | D:4      | Found a shattered altar of Ashenzari.
  4311 | D:5      | Entered Level 5 of the Dungeon
  4311 | D:5      | Found a staircase to the Ecumenical Temple.
  4351 | D:5      | Found a sparkling altar of Nemelex Xobeh.
  4387 | D:5      | Reached skill level 5 in Axes
  4397 | D:5      | Slain by a centaur zombie

Skill      XL: |  1  2  3  4  5  6  7 |
---------------+----------------------+-----
Armour         | 2 3 4 |  4.5
Axes           | 2 3 4 5 |  5.0
Invocations    | 3 4 |  4.5
Fighting       | 4 |  4.2
Dodging        | |  0.8

Action                   |  1- 3 |  4- 6 |  7- 9 || total
-------------------------+-------+-------+-------++-------
Melee: Hand axe          |    62 |    84 |       ||   146
       Kick              |    16 |    26 |    10 ||    52
       Battleaxe         |       |    41 |    55 ||    96
Invok: Depart the Abyss  |     1 |       |       ||     1
       Bend Space        |       |       |     1 ||     1
  Use: Potion            |     5 |     1 |     1 ||     7
       Scroll            |       |     4 |     2 ||     6
  Eat: Chunk             |       |     3 |     2 ||     5
       Ration            |       |     1 |       ||     1
Armor: Chain mail        |    48 |    85 |    40 ||   173
       Leather armour    |     2 |       |       ||     2
Dodge: Dodged            |    13 |    30 |    15 ||    58
Block: Buckler           |     8 |     7 |       ||    15
